 Dungeon Crawl Stone Soup version 0.28.0-53-g5a82cb258f (webtiles) character file.

Game seed: 13351659651887044992

50045 raph the Severer (level 14, -7/122 HPs)
             Began as a Hill Orc Fighter on June 25, 2022.
             Was a High Priest of Trog.
             Mangled by a spriggan defender simulacrum (40 damage)
             ... on level 2 of the Abyss.
             The game lasted 00:30:08 (24068 turns).

raph the Severer (Hill Orc Fighter)                Turns: 24068, Time: 00:30:09

Health: -7/122     AC: 20    Str: 20    XL:     14   Next: 53%
Magic:  14/14      EV: 12    Int:  8    God:    Trog [*****.]
Gold:   771        SH: 13    Dex: 14    Spells: 13/13 levels left

rFire   . . .      SeeInvis .   a - +3 war axe (vamp)
rCold   . . .      Faith    +   j - +0 kite shield
rNeg    . . .      Spirit   .   G - +0 plate armour
rPois   +          Reflect  .   I - +2 hat
rElec   .          Harm     .   (no cloak)
rCorr   .          Rampage  .   h - +1 pair of gloves
Will    +....                   J - +0 pair of boots
Stlth   ..........              n - amulet of faith
HPRegen 0.30/turn               Q - +4 ring of evasion
MPRegen 0.14/turn               m - ring of poison resistance

@: no status effects
A: no striking features
a: Renounce Religion, Berserk, Trog's Hand, Brothers in Arms


You were on level 2 of the Abyss.
You worshipped Trog.
Trog was extremely pleased with you.
You visited 2 branches of the dungeon, and saw 14 of its levels.
You visited the Abyss 1 time.

You collected 771 gold pieces.

Inventory:

Hand Weapons
 a - a +3 vampiric war axe (weapon)
 b - a +0 hand crossbow
 w - a +2 whip of freezing
 V - a +4 battleaxe of flaming
Missiles
 u - 31 poisoned darts (quivered)
 y - 6 throwing nets
 E - 52 bolts
Armour
 c - a +0 buckler
 h - a +1 pair of gloves (worn)
 j - a +0 kite shield (worn)
 G - a +0 plate armour (worn)
 I - a +2 hat (worn)
 J - a +0 pair of boots (worn)
 O - a +0 helmet
Jewellery
 m - a ring of poison resistance (right hand)
 n - an amulet of faith (around neck)
 v - an amulet of guardian spirit
 F - a ring of protection from fire
 L - a ring of ice
 Q - a +4 ring of evasion (left hand)
 R - an amulet of reflection
 U - a +4 ring of evasion
Wands
 s - a wand of mindburst (6)
 t - a wand of flame (15)
 C - a wand of charming (1)
 H - a wand of iceblast (15)
 K - a wand of digging (5)
 M - a wand of paralysis (9)
 P - a wand of polymorph (5)
Scrolls
 e - 4 scrolls of holy word
 o - 3 scrolls of teleportation
 r - 2 scrolls of immolation
 A - 3 scrolls of blinking
 D - 2 scrolls of fog
 N - a scroll of summoning
 S - a scroll of identify
Potions
 d - 2 potions of might
 f - 7 potions of curing
 g - 3 potions of attraction
 i - 3 potions of heal wounds
 k - 2 potions of lignification
 l - 4 potions of haste
 p - 4 potions of mutation {unknown}
 q - 6 potions of flight {unknown}
 x - 2 potions of cancellation {unknown}
 z - a potion of brilliance {unknown}
 B - 2 potions of invisibility {unknown}
 T - a potion of ambrosia {unknown}


   Skills:
 * Level 10.8 Fighting
 - Level 16.0 Axes
 - Level 10.3 Crossbows
 + Level 9.8 Armour
 + Level 6.7 Dodging
 * Level 14.0 Shields
 + Level 0.2 Evocations


You had 13 spell levels left.
You didn't know any spells.
Your spell library contained the following spells:

 Spells                   Type           Power      Damage    Failure   Level
 Gell's Gravitas          Tloc           0%         N/A       100%        3
 Teleport Other           Tloc           0%         N/A       100%        3
 Dispersal                Tloc           0%         N/A       100%        6


Dungeon Overview and Level Annotations

Branches:
Dungeon (9/15)             Temple (0/1) D:4            Lair (5/6) D:9
  Swamp (0/4) Lair:4       Spider (0/4) Lair:2        Slime (0/5) Lair:5
    Orc (0/2) D:9

Altars:
Ashenzari
Elyvilon
Gozag
Hepliaklqana
Qazlal
Ru
Trog
Uskayaw
Vehumet
Jiyva

Shops:
D:4 (

Annotations:
D:4 1 transporter, PrismaticFulminator's ghost, amateur DjCj
Lair:4 2 transporters, Plog's ghost, journeyman GrFi


Message History

Really walk into that cloud of seething chaos? [Y]es or [N]o only, please.
Really walk into that cloud of seething chaos?
Okay, then.
You block something's attack. Something hits you but does no damage.
You slash something!
You feel better. Something hits you but does no damage.
Your two-headed ogre rages.
Something hits you but does no damage. Something hits you but does no damage.
Your two-headed ogre rages.
Something hits you but does no damage. You block something's attack.
Something hits you but does no damage. x2
You slash something! Something hits you but does no damage. Something hits you!
You block something's attack. Something hits you.
Your two-headed ogre closely misses the lurking horror.
Your two-headed ogre hits the lurking horror with a +0 giant spiked club!
Your two-headed ogre convulses!
Your body is wracked with pain!
Something is bathed in an unholy light!
Something hits you but does no damage. Something hits you.
Something hits you but does no damage. You block something's attack.
You block something's attack.
Your two-headed ogre hits something with a +0 giant club!!!
Reactivating autopickup.
There is a gateway leading deeper into the Abyss here.
A spriggan defender simulacrum comes into view.
Your two-headed ogre rages.
Your two-headed ogre barely misses the spriggan defender simulacrum.
Your two-headed ogre completely misses the spriggan defender simulacrum.
The spriggan defender simulacrum completely misses your two-headed ogre.
The spriggan defender simulacrum hits your two-headed ogre!!
The spriggan defender simulacrum freezes your two-headed ogre!!!
Your two-headed ogre dies!
Your two-headed ogre's corpse disappears in a puff of smoke!
You block the spriggan defender simulacrum's attack.
The spriggan defender simulacrum hits you.
* * * LOW HITPOINT WARNING * * *
The spriggan defender simulacrum freezes you!!!
You die...

..#. . .#.. ...#
#.. . ##..###...
#.... .
........####. ..
...##..#... #..#
###..#.#....# . # .
#...##....# .. . #
# .#..Z.#.# [# #.#
## #..#.@.>.# ..
)[.. . .
#.....#....# ...
..#...##..##.###...
# .#
#...#.#...#.##.. .
#..##..###..###..
#. . ..#. #.#...#.#
.# ## . .##.##.# .#
### ..# . .# #. # #
## .... #.###


You could see a spriggan defender simulacrum.

Vanquished Creatures
  Gastronok (D:8)
  Harold (D:8)
  4 hydras
  An orb spider (Lair:2)
  Pikel (D:4)
  A cyclops (D:9)
  A manticore (Lair:5)
  12 elephants
  9 black mambas
  A torpor snail (Lair:2)
  22 cane toads
  4 rime drakes
  11 komodo dragons
  2 meliai (Lair:5)
  A polar bear (Lair:2)
  Grinder (D:4)
  A hornet (Lair:3)
  A troll (D:7)
  45 blink frogs
  2 shadows (D:9)
  A wraith (D:9)
  8 wyverns
  Sigmund (D:3)
  45 yaks
  5 basilisks
  Eustachio (D:4)
  Grum (D:7)
  2 steam dragons
  An acid dragon (D:8)
  14 water moccasins
  Duvessa (D:4)
  3 orc warriors
  A sky beast (D:7)
  3 black bears
  A necrophage (D:5)
  2 ogres
  11 wolves
  3 centaurs
  2 phantoms
  Blork the orc (D:4)
  4 kobold brigands
  9 bullfrogs
  6 scorpions
  A water moccasin skeleton (D:5)
  Dowan (D:4)
  A troll zombie (D:9)
  28 killer bees (Lair:5)
  10 wights
  2 bullfrog zombies
  2 hounds
  A bullfrog skeleton (D:5)
  2 centaur zombies
  A gnoll shaman (D:6)
  3 orc priests
  A centaur skeleton (D:5)
  Jessica (D:3)
  Terence (D:2)
  4 iguanas
  A scorpion zombie (D:3)
  Ijyb (D:4)
  2 orc wizards
  A killer bee zombie (D:7)
  7 ogre zombies (D:9)
  A hound skeleton (D:4)
  A howler monkey zombie (D:9)
  4 gnolls (D:6)
  9 adders
  2 shadow imps
  3 white imps
  An ufetubus (D:5)
  A worm (D:2)
  4 dart slugs
  16 orcs
  3 ball pythons
  8 endoplasms
  3 giant cockroaches
  19 goblins
  9 hobgoblins
  2 quokkas
  3 bats
  5 frilled lizards
  2 goblin skeletons (D:9)
  3 goblin zombies (D:9)
  A hobgoblin skeleton (D:9)
  2 hobgoblin zombies (D:9)
  23 kobolds
  6 orc skeletons (D:9)
  11 orc zombies (D:9)
  5 rats
466 creatures vanquished.

Vanquished Creatures (collateral kills)
  An unseen horror (Abyss:2)
  A wyvern (Lair:5)
  A chaos spawn (Abyss:2)
  A killer bee (Lair:5)
  A lurking horror (Abyss:2)
5 creatures vanquished.

Vanquished Creatures (others)
  A kobold brigand (D:4)
  49 fungi
  101 plants
151 creatures vanquished.

Grand Total: 622 creatures vanquished

Notes
Turn   | Place    | Note
-------+----------+-------------------------------------------
     0 | D:1      | raph the Hill Orc Fighter began the quest for the Orb.
     0 | D:1      | Reached XP level 1. HP: 19/19 MP: 1/1
   170 | D:1      | Reached skill level 3 in Axes
   195 | D:1      | Reached XP level 2. HP: 25/27 MP: 2/2
   485 | D:1      | Reached XP level 3. HP: 30/33 MP: 3/3
   564 | D:1      | Found a faded altar of an unknown god.
   608 | D:1      | Prayed at the altar of an unknown god.
   608 | D:1      | Became a worshipper of Trog the Wrathful
   608 | D:1      | Reached * piety under Trog
   701 | D:1      | You fall into a shaft and drop 1 floor!
  1266 | D:2      | Noticed Terence
  1275 | D:2      | Killed Terence
  1276 | D:2      | Reached skill level 4 in Axes
  1276 | D:2      | Reached XP level 4. HP: 40/40 MP: 4/4
  2081 | D:3      | Reached XP level 5. HP: 47/47 MP: 5/5
  2388 | D:3      | Reached skill level 5 in Axes
  2520 | D:3      | Noticed Jessica
  2526 | D:3      | Killed Jessica
  2526 | D:3      | Reached ** piety under Trog
  2891 | D:3      | Noticed Sigmund
  2903 | D:3      | Killed Sigmund
  2904 | D:3      | Reached skill level 5 in Fighting
  2904 | D:3      | Reached skill level 6 in Axes
  2904 | D:3      | Reached skill level 1 in Dodging
  2904 | D:3      | Reached XP level 6. HP: 39/56 MP: 6/6
  3405 | D:4      | Noticed Duvessa
  3412 | D:4      | Killed Duvessa
  3413 | D:4      | Reached XP level 7. HP: 60/61 MP: 7/7
  3598 | D:4      | Noticed Dowan
  3609 | D:4      | Killed Dowan
  3990 | D:4      | Noticed Grinder
  3998 | D:4      | Killed Grinder
  3999 | D:4      | Reached skill level 7 in Axes
  3999 | D:4      | Reached skill level 5 in Armour
  4135 | D:4      | Noticed Blork the orc
  4145 | D:4      | Killed Blork the orc
  4146 | D:4      | Reached XP level 8. HP: 70/70 MP: 8/8
  4239 | D:4      | Noticed Eustachio
  4258 | D:4      | Killed Eustachio
  4259 | D:4      | Reached skill level 8 in Axes
  4314 | D:4      | Noticed PrismaticFulminator's ghost (amateur DjCj)
  4315 | D:4      | Found a transporter.
  4338 | D:4      | Found Ohien's Weapon Boutique.
  4356 | D:4      | Noticed Ijyb
  4362 | D:4      | Killed Ijyb
  4854 | D:4      | Found a staircase to the Ecumenical Temple.
  5010 | D:5      | Entered Level 5 of the Dungeon
  5598 | D:4      | Reached skill level 9 in Axes
  5789 | D:5      | Noticed Pikel
  5817 | D:4      | Killed Pikel
  5818 | D:4      | Reached XP level 9. HP: 51/79 MP: 9/9
  6097 | D:5      | Reached skill level 10 in Axes
  6110 | D:5      | Found an opulent altar of Gozag.
  6477 | D:5      | Found a broken altar of Ashenzari.
  6679 | D:5      | Found a hazy altar of Hepliaklqana.
  6680 | D:5      | Found a faded altar of an unknown god.
  8191 | D:7      | Found a bloodstained altar of Trog.
  8200 | D:7      | Reached skill level 11 in Axes
  8315 | D:7      | Found a sacrificial altar of Ru.
  9029 | D:7      | Noticed a troll
  9033 | D:7      | Killed a troll
  9034 | D:7      | Reached XP level 10. HP: 89/89 MP: 10/10
  9173 | D:8      | Noticed Grum
  9187 | D:8      | Reached skill level 12 in Axes
  9262 | D:7      | Killed Grum
  9263 | D:7      | Reached skill level 5 in Dodging
  9538 | D:8      | Noticed Harold
  9553 | D:8      | Killed Harold
 10145 | D:8      | Reached *** piety under Trog
 10158 | D:8      | Noticed Gastronok
 10363 | D:8      | Killed Gastronok
 10364 | D:8      | Reached skill level 13 in Axes
 10879 | D:8      | Reached XP level 11. HP: 97/97 MP: 11/11
 10880 | D:8      | Found a white marble altar of Elyvilon.
 11150 | D:9      | Found a staircase to the Orcish Mines.
 12029 | D:9      | Found a staircase to the Lair.
 12053 | D:9      | Reached **** piety under Trog
 12054 | D:9      | Reached skill level 5 in Shields
 12375 | D:9      | Reached skill level 14 in Axes
 12719 | D:9      | Found a stormy altar of Qazlal.
 12826 | D:9      | Found a radiant altar of Vehumet.
 12828 | D:9      | Found a hide-covered altar of Uskayaw.
 12990 | D:9      | Reached skill level 10 in Fighting
 13416 | D:9      | Noticed a cyclops
 13426 | D:9      | Killed a cyclops
 13575 | Lair:1   | Entered Level 1 of the Lair of Beasts
 13855 | Lair:1   | Noticed a four-headed hydra
 13868 | Lair:1   | Killed a four-headed hydra
 15293 | Lair:2   | Reached skill level 1 in Crossbows
 15493 | Lair:2   | Identified the +3 ring mail of Pynedefe {rC+ Str+8 Int-2}
 15528 | Lair:2   | Found a hole to the Spider Nest.
 15528 | Lair:2   | Noticed an orb spider
 15763 | Lair:2   | Killed an orb spider
 15764 | Lair:2   | Reached XP level 12. HP: 107/107 MP: 12/12
 15836 | Lair:2   | Reached skill level 15 in Axes
 17000 | Lair:2   | Noticed a six-headed hydra
 17017 | Lair:2   | Killed a six-headed hydra
 17031 | Lair:2   | HP: 3/108 [komodo dragon (14)]
 17059 | Lair:1   | HP: 5/108 [komodo dragon (7)]
 18340 | Lair:2   | Reached skill level 16 in Axes
 18963 | Lair:3   | Reached skill level 5 in Crossbows
 19103 | Lair:3   | Reached XP level 13. HP: 115/115 MP: 13/13
 19136 | Lair:3   | Reached skill level 10 in Shields
 20861 | Lair:4   | Found a transporter.
 20898 | Lair:4   | Noticed Plog's ghost (journeyman GrFi)
 20950 | Lair:4   | Found a transporter.
 20976 | Lair:4   | Reached ***** piety under Trog
 21095 | Lair:4   | Found a broken altar of Ashenzari.
 21148 | Lair:4   | Found a staircase to the Swamp.
 22188 | Lair:5   | Received a gift from Trog
 22282 | Lair:5   | Reached XP level 14. HP: 122/122 MP: 14/14
 23517 | Lair:5   | Reached skill level 10 in Crossbows
 23715 | Lair:5   | Received a gift from Trog
 23786 | Lair:5   | Found a viscous altar of Jiyva.
 23786 | Lair:5   | Found a staircase to the Slime Pits.
 23927 | Lair:5   | Cast into level 2 of the Abyss (meliai)
 23943 | Abyss:2  | Found a radiant altar of Vehumet.
 24068 | Abyss:2  | Mangled by a spriggan defender simulacrum

Illustrated notes

Levels and vault maps discovered:
D:1:      minmay_arrival_glassed_features, layout_loops_ring,
          ebering_ecumenical_altar_rust
D:2:      layout_loops_cross, minmay_hexomino_f4, uniq_terence
D:3:      minmay_diamond_boxcup, layout_loops_cross, corexii_shack,
          uniq_sigmund, uniq_jessica
D:4:      layout_rooms, lemuel_temple_firewalk_b, gammafunk_ghost_smash,
          serial_shops, kennysheep_mini, minmay_quantized, uniq_blork_the_orc,
          uniq_eustachio, uniq_grinder, uniq_duvessa, uniq_ijyb
D:5:      nicolae_BIG_FREAKIN_CUBE, layout_loops_corners,
          beargit_hepliaklqana_dungeon_heroes,
          mainiacjoe_overflow_surrounded_room,
          mainiacjoe_overflow_cross_hatched, st_stairs_14, uniq_pikel
D:6:      layout_loops_ring
D:7:      layout_basic, trog_butcher_becter, mainiacjoe_overflow_24_doors,
          corexii_corridor_pit, minmay_manual_moon
D:8:      cheibrodos_helix_gallery, layout_basic, marbit_many_paths, uniq_grum,
          uniq_gastronok, uniq_harold
D:9:      layout_gridville, nicolae_qazlal_style_of_elements,
          grunt_temple_overflow_open, david_lair_generic, zombieorc2_lemuel,
          serial_rivers, chequers_serial_rivers_small_3,
          chequers_serial_rivers_micro_c, chequers_serial_rivers_marsh,
          chequers_serial_rivers_small_3, enter_bailey_3,
          kennysheep_pointless_box, chequers_serial_rivers_room_b
Lair:1:   layout_roguey, grunt_megastairs_1, lemuel_fruit_tree,
          serial_bayou_shore_b
Lair:2:   nzn_winding_woodlands_large [nzn_winding_woodlands_hourglass,
          nzn_winding_woodlands_5x15_pockets,
          nzn_winding_woodlands_5x5_closed_star,
          nzn_winding_woodlands_center_triple_pond,
          nzn_winding_woodlands_15x15_five_gardens,
          nzn_winding_woodlands_center_garden, nzn_winding_woodlands_5x5_three,
          nzn_winding_woodlands_5x15_lazy_stream,
          nzn_winding_woodlands_5x5_cross], layout_regular_city,
          nicolae_spider_entry_orb_guardian
Lair:3:   hellmonk_destroyed_diamonds, layout_cave_pods, gauntlet_entry_generic
Lair:4:   layout_hall_layers, swamp_mist, basic_altar,
          gammafunk_ghost_berserking_beasts, st_stairs_7, beast_lair_carwin_10
Lair:5:   hangedman_what_comes_after_a, layout_loops_ring,
          dpeg_slime_entry_enclosed_altar, grunt_megastairs_4
Abyss:2:  base: Lair:2, evilmike_abyss_exit_1

Skill      XL: |  1  2  3  4  5  6  7  8  9 10 11 12 13 14 |
---------------+-------------------------------------------+-----
Axes           | 3 4 6 7 9 11 13 14 16 | 16.0
Fighting       | 4 5 7 8 9 10 | 10.8
Armour         | 4 5 6 7 8 9 |  9.8
Shields        | 4 7 9 12 14 | 14.0
Dodging        | 1 2 3 4 5 6 |  6.7
Crossbows      | 1 5 8 10 | 10.3
Evocations     | |  0.2

Action                   |  1- 3 |  4- 6 |  7- 9 | 10-12 | 13-15 || total
-------------------------+-------+-------+-------+-------+-------++-------
Melee: War axe           |    94 |   100 |   310 |   611 |   743 ||  1858
       Whip              |       |       |       |    28 |    13 ||    41
 Fire: Hand crossbow     |       |       |     5 |    92 |    45 ||   142
Invok: Berserk           |     2 |     4 |    15 |    21 |     9 ||    51
       Trog's Hand       |       |       |     1 |       |     2 ||     3
       Brothers in Arms  |       |       |       |       |     2 ||     2
  Use: Scroll            |     6 |     3 |     8 |     5 |     1 ||    23
       Potion            |       |       |     1 |     3 |       ||     4
 Stab: Distracted        |       |       |     1 |       |       ||     1
Armor: Scale mail        |    35 |    38 |     8 |       |       ||    81
       Chain mail        |       |       |   123 |    32 |       ||   155
       Plate armour      |       |       |       |   247 |   361 ||   608
Dodge: Dodged            |    45 |    35 |    86 |   168 |   290 ||   624
Block: Buckler           |    22 |    25 |    55 |    16 |       ||   118
       Kite shield       |       |       |       |   253 |   529 ||   782
